SL
BROOKLYN DODGERS @ OAKLAND OAKS
09/12/2028
 
TOP OF THE 1ST
Brooklyn Dodgers batting - Pitching for Oakland Oaks : RHP Matt Webber
Pitching: RHP Matt Webber
Batting: RHB Vincent Crane 0-0: Foul Ball, location: 2F
0-1: Called Strike
0-2: Strikes out swinging
Batting: RHB Ulbert Sutkamp 0-0: Ball
1-0: Swinging Strike
1-1: Called Strike
1-2: Strikes out swinging
Batting: SHB Juan Rivas 0-0: Ground out 6-3 (Groundball, 6)
Top of the 1st over - 0 run(s), 0 hit(s), 0 error(s), 0 left on base; Brooklyn 0 - Oakland 0
BOTTOM OF THE 1ST
Oakland Oaks batting - Pitching for Brooklyn Dodgers : LHP Addie Samson
Pitching: LHP Addie Samson
Batting: LHB Jorge Vargas 0-0: Ball
1-0: Ball
2-0: Called Strike
2-1: DOUBLE (Flyball, 89D)
Batting: LHB Todd Henry 0-0: Called Strike
0-1: Fly out, F9 (Line Drive, 89D)
Runner from 2nd tags up, SAFE at 3rd, no throw
Batting: LHB Edwin Church 0-0: Called Strike
0-1: Ball
1-1: Foul Ball, location: 2F
1-2: Strikes out swinging
Batting: RHB Micah Coffey 0-0: Ball
1-0: Ball
2-0: Called Strike
2-1: Ball
3-1: Foul Ball, location: 2F
3-2: Base on Balls
Batting: RHB Mike Wazowski 0-0: Ball
1-0: Ball
2-0: Ground out 6-3 (Groundball, 6S)
Bottom of the 1st over - 0 run(s), 1 hit(s), 0 error(s), 2 left on base; Brooklyn 0 - Oakland 0
TOP OF THE 2ND
Brooklyn Dodgers batting - Pitching for Oakland Oaks : RHP Matt Webber
Batting: LHB Avon Barksdale 0-0: Swinging Strike
0-1: Swinging Strike
0-2: Strikes out swinging
Batting: RHB Gustavo Mateo 0-0: Fly out, F9 (Flyball, 9)
Batting: LHB Chad Armstrong 0-0: Ball
1-0: Ball
2-0: Ball
3-0: Base on Balls
Batting: RHB Brent Ryan Pickoff Throw to First - Out!
Top of the 2nd over - 0 run(s), 0 hit(s), 0 error(s), 0 left on base; Brooklyn 0 - Oakland 0
BOTTOM OF THE 2ND
Oakland Oaks batting - Pitching for Brooklyn Dodgers : LHP Addie Samson
Batting: SHB Luis Luquín 0-0: Ball
1-0: Ball
2-0: Called Strike
2-1: Fly out, F8 (Flyball, 8RS)
Batting: RHB Pedro Pérez 0-0: Ball
1-0: Swinging Strike
1-1: Ground out 6-3 (Groundball, 6)
Batting: SHB Orlando Villa 0-0: Ball
1-0: Swinging Strike
1-1: Called Strike
1-2: Ball
2-2: Strikes out swinging
Bottom of the 2nd over - 0 run(s), 0 hit(s), 0 error(s), 0 left on base; Brooklyn 0 - Oakland 0
TOP OF THE 3RD
Brooklyn Dodgers batting - Pitching for Oakland Oaks : RHP Matt Webber
Batting: RHB Brent Ryan 0-0: Bunt missed!
0-1: Fly out, F8 (Flyball, 8LM)
Batting: RHB Gerald Clark 0-0: Ball
1-0: Swinging Strike
1-1: Ball
2-1: Reached on error, E1 (Groundball, 13)
Batting: LHB Frank Sharp 0-0: Ball
1-0: Swinging Strike
1-1: Called Strike
1-2: Ball
2-2: Strikes out swinging
Batting: RHB Vincent Crane 0-0: Foul Ball, location: 2F
0-1: Hit by Pitch
Gerald Clark to second
Batting: RHB Ulbert Sutkamp 0-0: Ball
1-0: Ball
2-0: Called Strike
2-1: Ball
3-1: Swinging Strike
3-2: SINGLE (Flyball, 8RS)
Gerald Clark to third
Vincent Crane to second
Gerald Clark scores
Vincent Crane to third
Batting: SHB Juan Rivas 0-0: Fly out, F4 (Popup, 4D)
Top of the 3rd over - 1 run(s), 1 hit(s), 1 error(s), 2 left on base; Brooklyn 1 - Oakland 0
BOTTOM OF THE 3RD
Oakland Oaks batting - Pitching for Brooklyn Dodgers : LHP Addie Samson
Batting: LHB Jesús Quintanilla 0-0: Ball
1-0: Ball
2-0: Ground out 4-3 (Groundball, 4)
Batting: LHB Jorge Vargas 0-0: Called Strike
0-1: Ball
1-1: Foul Ball, location: 2F
1-2: Ball
2-2: Strikes out swinging
Batting: LHB Todd Henry 0-0: Called Strike
0-1: Ball
1-1: Ball
2-1: Ball
3-1: Foul Ball, location: 2F
3-2: TRIPLE (Line Drive, 89D)
Batting: LHB Edwin Church 0-0: Swinging Strike
0-1: Called Strike
0-2: Foul Ball, location: 2F
0-2: Fly out, F9 (Flyball, 9D)
Bottom of the 3rd over - 0 run(s), 1 hit(s), 0 error(s), 1 left on base; Brooklyn 1 - Oakland 0
TOP OF THE 4TH
Brooklyn Dodgers batting - Pitching for Oakland Oaks : RHP Matt Webber
Batting: LHB Avon Barksdale 0-0: Called Strike
0-1: Called Strike
0-2: Strikes out swinging
Batting: RHB Gustavo Mateo 0-0: DOUBLE (Flyball, 9LD)
Batting: LHB Chad Armstrong 0-0: SINGLE (Groundball, 6MD)
Gustavo Mateo to third
Runner from 3rd tries for Home, SAFE, throw made home
Batting: RHB Brent Ryan 0-0: Called Strike
0-1: Foul Ball, location: 2F
0-2: Foul Ball, location: 2F
0-2: Strikes out swinging
Batting: RHB Gerald Clark 0-0: Called Strike
0-1: Fly out, F7 (Flyball, 7D)
Top of the 4th over - 1 run(s), 2 hit(s), 0 error(s), 1 left on base; Brooklyn 2 - Oakland 0
BOTTOM OF THE 4TH
Oakland Oaks batting - Pitching for Brooklyn Dodgers : LHP Addie Samson
Batting: RHB Micah Coffey 0-0: Called Strike
0-1: Ball
1-1: Swinging Strike
1-2: Ball
2-2: Ball
3-2: Strikes out swinging
Batting: RHB Mike Wazowski 0-0: Called Strike
0-1: Foul Ball, location: 2F
0-2: Strikes out swinging
Batting: SHB Luis Luquín 0-0: Ball
1-0: Ground out 6-3 (Groundball, 6MS)
Bottom of the 4th over - 0 run(s), 0 hit(s), 0 error(s), 0 left on base; Brooklyn 2 - Oakland 0
TOP OF THE 5TH
Brooklyn Dodgers batting - Pitching for Oakland Oaks : RHP Matt Webber
Batting: LHB Frank Sharp 0-0: Ball
1-0: Ball
2-0: Ball
3-0: Swinging Strike
3-1: Base on Balls
Batting: RHB Vincent Crane 0-0: Ball
1-0: Sac Bunt - play at first, batter OUT! U3
Frank Sharp to second
Batting: RHB Ulbert Sutkamp 0-0: Foul Ball, location: 2F
0-1: Ball
1-1: Called Strike
1-2: Ball
2-2: Strikes out swinging
Batting: SHB Juan Rivas 0-0: Hit by Pitch
Batting: LHB Avon Barksdale 0-0: Called Strike
0-1: Ball
1-1: 3-RUN HOME RUN (Flyball, 9D), Distance : 361 ft
Pitching: RHP Júlio Maes
Batting: RHB Gustavo Mateo 0-0: Foul Ball, location: 2F
0-1: Ball
1-1: Swinging Strike
1-2: Fly out, F6 (Popup, 5D)
Top of the 5th over - 3 run(s), 1 hit(s), 0 error(s), 0 left on base; Brooklyn 5 - Oakland 0
BOTTOM OF THE 5TH
Oakland Oaks batting - Pitching for Brooklyn Dodgers : LHP Addie Samson
Batting: RHB Pedro Pérez 0-0: Foul Ball, location: 2F
0-1: Ball
1-1: Ball
2-1: Foul Ball, location: 2F
2-2: SINGLE (Line Drive, 9S)
Batting: SHB Orlando Villa 0-0: Ball
1-0: Ball
2-0: Foul Ball, location: 2F
2-1: Foul Ball, location: 2F
2-2: Foul Ball, location: 2F
2-2: Foul Ball, location: 2F
2-2: Ball
3-2: Strikes out swinging
Batting: LHB Jesús Quintanilla 0-0: Ball
1-0: Foul Ball, location: 2F
1-1: Foul Ball, location: 2F
1-2: Foul Ball, location: 2F
1-2: Ground out 4-3 (Groundball, 4)
Pedro Pérez to second
Batting: LHB Jorge Vargas 0-0: Foul Ball, location: 2F
0-1: Swinging Strike
0-2: Ball
1-2: Ball
2-2: Ball
3-2: Ground out U3 (Groundball, 3)
Bottom of the 5th over - 0 run(s), 1 hit(s), 0 error(s), 1 left on base; Brooklyn 5 - Oakland 0
TOP OF THE 6TH
Brooklyn Dodgers batting - Pitching for Oakland Oaks : RHP Júlio Maes
Batting: LHB Chad Armstrong 0-0: Foul Ball, location: 2F
0-1: SOLO HOME RUN (Flyball, 9LD), Distance : 364 ft
Batting: RHB Brent Ryan 0-0: SOLO HOME RUN (Flyball, 7D), Distance : 415 ft
Batting: RHB Gerald Clark 0-0: Foul Ball, location: 2F
0-1: Foul Ball, location: 2F
0-2: Ball
1-2: Ground out 6-3 (Groundball, 6)
Batting: LHB Frank Sharp 0-0: Ball
1-0: Ball
2-0: Ball
3-0: Called Strike
3-1: Base on Balls
Batting: RHB Vincent Crane 0-0: Ball
1-0: Foul Ball, location: 2F
1-1: Called Strike
1-2: Foul Ball, location: 2F
1-2: Ball
2-2: Strikes out swinging
Pitching: RHP Gil Brown
Batting: RHB Ulbert Sutkamp 0-0: Swinging Strike
0-1: Ball
1-1: Foul Ball, location: 2F
1-2: Ball
2-2: Ball
3-2: Fly out, F9 (Flyball, 89S)
Top of the 6th over - 2 run(s), 2 hit(s), 0 error(s), 1 left on base; Brooklyn 7 - Oakland 0
BOTTOM OF THE 6TH
Oakland Oaks batting - Pitching for Brooklyn Dodgers : LHP Addie Samson
Batting: LHB Todd Henry 0-0: Called Strike
0-1: Fly out, F8 (Line Drive, 8RD)
Batting: LHB Edwin Church 0-0: Swinging Strike
0-1: Ground out 1-3 (Groundball, 13S)
Batting: RHB Micah Coffey 0-0: SINGLE (Groundball, 34D)
Batting: RHB Mike Wazowski 0-0: Called Strike
0-1: Called Strike
Micah Coffey steals 2nd base
0-2: Ball
1-2: Strikes out swinging
Bottom of the 6th over - 0 run(s), 1 hit(s), 0 error(s), 1 left on base; Brooklyn 7 - Oakland 0
TOP OF THE 7TH
Brooklyn Dodgers batting - Pitching for Oakland Oaks : RHP Gil Brown
Batting: SHB Juan Rivas 0-0: Called Strike
0-1: Foul Ball, location: 2F
0-2: Ground out 3-1 (Groundball, 34S)
Batting: LHB Avon Barksdale 0-0: Called Strike
0-1: Ball
1-1: Fly out, F7 (Flyball, 7S)
Batting: RHB Gustavo Mateo 0-0: Foul Ball, location: 2F
0-1: Ball
1-1: Ground out 5-3 (Groundball, 56S)
Top of the 7th over - 0 run(s), 0 hit(s), 0 error(s), 0 left on base; Brooklyn 7 - Oakland 0
BOTTOM OF THE 7TH
Oakland Oaks batting - Pitching for Brooklyn Dodgers : LHP Addie Samson
Batting: SHB Luis Luquín 0-0: Ball
1-0: Fly out, F5 (Line Drive, 56)
Batting: RHB Pedro Pérez 0-0: Ball
1-0: Ball
2-0: Foul Ball, location: 2F
2-1: Foul Ball, location: 2F
2-2: Foul Ball, location: 2F
2-2: Foul Ball, location: 2F
2-2: Ground out 5-3 (Groundball, 56S)
Batting: SHB Orlando Villa 0-0: Ball
1-0: Foul Ball, location: 2F
1-1: Foul Ball, location: 2F
1-2: Foul Ball, location: 2F
1-2: Ball
2-2: Hit by Pitch
Pitching: LHP Scott Mildren
Batting: LHB Jesús Quintanilla 0-0: Ball
1-0: Swinging Strike
1-1: Fielders Choice at 2nd, 4-6 (Groundball, 4)
Bottom of the 7th over - 0 run(s), 0 hit(s), 0 error(s), 0 left on base; Brooklyn 7 - Oakland 0
TOP OF THE 8TH
Brooklyn Dodgers batting - Pitching for Oakland Oaks : RHP Gil Brown
Batting: LHB Chad Armstrong 0-0: Called Strike
0-1: Fly out, F8 (Flyball, 8LD)
Batting: RHB Brent Ryan 0-0: Ball
1-0: Fly out, F7 (Flyball, 7S)
Batting: RHB Gerald Clark 0-0: Foul Ball, location: 2F
0-1: Ball
1-1: Ground out 5-3 (Groundball, 56)
Top of the 8th over - 0 run(s), 0 hit(s), 0 error(s), 0 left on base; Brooklyn 7 - Oakland 0
BOTTOM OF THE 8TH
Oakland Oaks batting - Pitching for Brooklyn Dodgers : LHP Scott Mildren
Batting: LHB Jorge Vargas 0-0: Foul Ball, location: 2F
0-1: Swinging Strike
0-2: Ball
1-2: Ball
2-2: Ground out 5-3 (Groundball, 56S)
Batting: LHB Todd Henry 0-0: Called Strike
0-1: Called Strike
0-2: Ball
1-2: Foul Ball, location: 2F
1-2: Ball
2-2: Strikes out swinging
Batting: LHB Edwin Church 0-0: Ball
1-0: Foul Ball, location: 2F
1-1: Ball
2-1: Swinging Strike
2-2: Foul Ball, location: 2F
2-2: Ball
3-2: Base on Balls
Batting: RHB Micah Coffey 0-0: SINGLE (Flyball, 8LS)
Edwin Church to second
Batting: RHB Mike Wazowski 0-0: Called Strike
0-1: Ball
1-1: Ball
2-1: Ball
3-1: Base on Balls
Edwin Church to third
Micah Coffey to second
Batting: SHB Luis Luquín 0-0: Ball
1-0: Ball
2-0: Ball
3-0: Called Strike
3-1: Base on Balls
Edwin Church scores
Micah Coffey to third
Mike Wazowski to second
Batting: RHB Pedro Pérez 0-0: Fly out, F8 (Flyball, 8RXD)
Bottom of the 8th over - 1 run(s), 1 hit(s), 0 error(s), 3 left on base; Brooklyn 7 - Oakland 1
TOP OF THE 9TH
Brooklyn Dodgers batting - Pitching for Oakland Oaks : RHP Gil Brown
Pitching: RHP Júlio Saldaña
Batting: LHB Frank Sharp 0-0: Ball
1-0: SINGLE (Groundball, 3D)
Batting: RHB Vincent Crane 0-0: Swinging Strike
0-1: Swinging Strike
0-2: Grounds into double play, 6-4-3 (Groundball, 6)
Batting: RHB Ulbert Sutkamp 0-0: Ball
1-0: Swinging Strike
1-1: Called Strike
1-2: Foul Ball, location: 2F
1-2: Ball
2-2: Fly out, F7 (Flyball, 7D)
Top of the 9th over - 0 run(s), 1 hit(s), 0 error(s), 0 left on base; Brooklyn 7 - Oakland 1
BOTTOM OF THE 9TH
Oakland Oaks batting - Pitching for Brooklyn Dodgers : LHP Scott Mildren
Batting: SHB Orlando Villa 0-0: Ground out 4-3 (Groundball, 4S)
Batting: LHB Jesús Quintanilla 0-0: Ball
1-0: Called Strike
1-1: Swinging Strike
1-2: Ball
2-2: Foul Ball, location: 2F
2-2: Fly out, F8 (Flyball, 89M)
Batting: LHB Jorge Vargas 0-0: Ground out 4-3 (Groundball, 4)
Bottom of the 9th over - 0 run(s), 0 hit(s), 0 error(s), 0 left on base; Brooklyn 7 - Oakland 1
Tuesday, September 5th, 2017 - OOTP Baseball 17.12 Build 75